 Dungeon Crawl Stone Soup version 0.28-a0-8-g6e044cfa68 (webtiles) character file.

Game seed: 8515085598509636286

135 Delamore the Skirmisher (level 5, -6/43 HPs)
             Began as a Formicid Fighter on July 24, 2021.
             Mangled by Sigmund (8 damage)
             ... on level 3 of the Dungeon.
             The game lasted 00:01:57 (2494 turns).

Delamore the Skirmisher (Formicid Fighter)          Turns: 2494, Time: 00:01:58

Health: -6/43      AC:  6    Str: 22    XL:     5   Next: 41%
Magic:  5/5        EV:  8    Int:  7    God:
Gold:   100        SH:  0    Dex: 10    Spells: 4/4 levels left

rFire   + . .      SeeInvis +   a - +0 quarterstaff
rCold   . . .      Faith    .   c - +1 kite shield
rNeg    . . .      Spirit   .   b - +0 scale mail
rPois   .          Reflect  .   (helmet unavailable)
rElec   .          Harm     .   (no cloak)
rCorr   .          Rampage  .   (no gloves)
Will    .....                   (no boots)
Stlth   ..........              (no amulet)
HPRegen 0.14/turn               h - ring of protection from fire
MPRegen 0.09/turn               (no ring)

@: confused
A: permanent stasis, dig shafts and tunnels, antennae 3, four strong arms
a: Dig, Shaft Self


You were on level 3 of the Dungeon.
You visited 1 branch of the dungeon, and saw 3 of its levels.

You collected 100 gold pieces.

Inventory:

Hand Weapons
 a - a +0 quarterstaff (weapon)
Armour
 b - a +0 scale mail (worn)
 c - a +1 kite shield (worn)
Jewellery
 h - a ring of protection from fire (left hand)
 j - an amulet of magic regeneration
Scrolls
 k - a scroll of amnesia {unknown}
Potions
 d - a potion of might
 e - a potion of curing {unknown}
 f - a potion of cancellation {unknown}
 g - 2 potions of attraction {unknown}
 i - a potion of lignification {unknown}
 l - a potion of heal wounds {unknown}


   Skills:
 + Level 4.4 Fighting
 * Level 4.4 Staves
 - Level 3.2 Armour
 - Level 3.6 Shields


You had 4 spell levels left.
You didn't know any spells.
Your spell library contained the following spells:

 Spells                   Type           Power      Damage    Failure   Level
 Pain                     Necr           0%         1d4       98%         1
 Agony                    Necr           0%         N/A       100%        5
 Excruciating Wounds      Necr           0%         N/A       100%        5


Dungeon Overview and Level Annotations

Branches:
Dungeon (3/15)

Altars:
Ru

Annotations:
D:3 Sigmund


Innate Abilities, Weirdness & Mutations

You cannot be hasted, slowed, berserked, paralysed or teleported.
You can dig through walls and to a lower floor.
You have a pair of large antennae on your head. (SInv)
Your four strong arms can wield two-handed weapons with a shield.


Message History

Sigmund shouts!
Sigmund smiles chillingly.
Sigmund is nearby!
You block Sigmund's attack. Sigmund hits you with a +0 scythe.
You thump Sigmund!
Sigmund is moderately wounded.
Sigmund hits you with a +0 scythe.
You sock Sigmund!
Sigmund is almost dead.
Sigmund hits you with a +0 scythe.
You hit Sigmund.
Sigmund is almost dead.
Sigmund hits you with a +0 scythe.
You closely miss Sigmund.
Sigmund is almost dead.
You block Sigmund's attack. Sigmund gestures at you while chanting.
You are confused.
Sigmund closely misses you. Sigmund closely misses you.
Found a scroll labelled YLOASO JELY.
You bump into the rock wall.
Sigmund gestures at you while chanting.
You are more confused.
You bump into the rock wall.
Sigmund hits you from afar with a +0 scythe!
You bump into the rock wall.
Sigmund hits you from afar with a +0 scythe!
Sigmund says, "Don't worry, I'll kill you fast."
Sigmund gestures at you while chanting. The puff of flame hits you. You resist.
* * * LOW HITPOINT WARNING * * *
You bump into the rock wall.
Sigmund hits you with a +0 scythe!
* * * LOW HITPOINT WARNING * * *
You miss Sigmund.
Sigmund is almost dead.
Sigmund hits you with a +0 scythe!
You die...

### ..# #?# #.#
#.# #.# #.# #@#
#@# #.#
####.##.#######
....>.........#
#######.####.##
#.# #.# #.# #.#
#.# #.#


You could see Sigmund.

Vanquished Creatures
  A phantom (D:3)
  An adder (D:2)
  7 endoplasms
  5 goblins
  A hobgoblin (D:1)
  3 jackals (D:2)
  3 quokkas
  7 ball pythons
  7 bats
  7 frilled lizards
  8 kobolds
  4 rats
54 creatures vanquished.

Notes
Turn   | Place    | Note
-------+----------+-------------------------------------------
     0 | D:1      | Delamore the Formicid Fighter began the quest for the Orb.
     0 | D:1      | Reached XP level 1. HP: 18/18 MP: 1/1
   189 | D:1      | Reached XP level 2. HP: 23/24 MP: 2/2
   203 | D:1      | Found a faded altar of an unknown god.
   460 | D:1      | Reached XP level 3. HP: 30/30 MP: 3/3
  1197 | D:2      | Reached XP level 4. HP: 35/37 MP: 4/4
  1568 | D:3      | Noticed a gnoll sergeant
  1948 | D:3      | Found a sacrificial altar of Ru.
  2132 | D:3      | Noticed a phantom
  2145 | D:3      | Killed a phantom
  2146 | D:3      | Reached XP level 5. HP: 21/43 MP: 5/5
  2476 | D:3      | Noticed Sigmund
  2493 | D:3      | HP: 1/43 [Sigmund (8)]
  2494 | D:3      | Mangled by Sigmund

Illustrated notes

Levels and vault maps discovered:
D:1:      dpeg_arrival_boxorama, layout_basic, ebering_ecumenical_altar_rust
D:2:      layout_loops_ring
D:3:      layout_basic, hangedman_ru_absence, kennysheep_generic_room_16,
          uniq_sigmund

Skill      XL: |  1  2  3  4 |
---------------+-------------+-----
Staves         | 3 4 |  4.4
Fighting       | 4 |  4.4
Armour         | |  3.2
Shields        | |  3.6

Action                   |  1- 3 |  4- 6 || total
-------------------------+-------+-------++-------
Melee: Quarterstaff      |   117 |    41 ||   158
  Use: Scroll            |     4 |       ||     4
Armor: Scale mail        |    55 |     5 ||    60
Dodge: Dodged            |    31 |     7 ||    38
Block: Kite shield       |    75 |    21 ||    96

Table legend: (Time is in decaauts)
 A = Elapsed time spent in this place.
 B = Non-inter-level travel time spent in this place.
 C = Inter-level travel time spent in this place.
 D = Time resting spent in this place.
 E = Time spent auto-exploring this place.
 F = Levels seen in this place.
 G = Mean time per level.
                   A        B        C        D        E       F      G
               +--------+--------+--------+--------+--------+-----+--------+
         Total |   2544 |   2491 |     53 |    371 |   1687 |   3 |  848.0 |
       Dungeon |   2544 |   2491 |     53 |    371 |   1687 |   3 |  848.0 |
               +--------+--------+--------+--------+--------+-----+--------+

Top non-repeatable levels by time:
     D:2: 1002 daAuts
     D:3: 826 daAuts
     D:1: 715 daAuts
